 Dungeon Crawl Stone Soup version 0.21-a0-630-g344d351 (webtiles) character file.

72 slep the Slasher (level 4, -2/37 HPs)
             Began as a Hill Orc Gladiator on Dec 26, 2017.
             Slain by a worker ant (4 damage)
             ... on level 3 of the Dungeon.
             The game lasted 00:04:26 (1307 turns).

slep the Slasher (Hill Orc Gladiator)               Turns: 1307, Time: 00:04:29

Health: -2/37      AC:  5    Str: 16    XL:     4   Next: 26%
Magic:  4/4        EV: 12    Int:  8    God:
Gold:   108        SH:  0    Dex: 13    Spells: 3/3 levels left

rFire    . . .     SeeInvis .   a - +0 long sword
rCold    . . .     Gourm    .   (no shield)
rNeg     . . .     Faith    .   b - +0 leather armour
rPois    .         Spirit   .   c - +0 helmet
rElec    .         Reflect  .   (no cloak)
rCorr    .         Harm     .   m - +0 pair of gloves
MR       .....                  (no boots)
Stlth    +.........             (no amulet)
HPRegen  0.12/turn              (no ring)
MPRegen  0.09/turn              (no ring)

@: lethally poisoned (-2 -> -11)
A: no striking features
a: no special abilities


You were on level 3 of the Dungeon.
You were hungry.

You visited 1 branch of the dungeon, and saw 3 of its levels.

You collected 108 gold pieces.

Inventory:

Hand Weapons
 a - a +0 long sword (weapon)
Missiles
 d - 3 throwing nets (quivered)
 i - 14 sling bullets
Armour
 b - a +0 leather armour (worn)
 c - a +0 helmet (worn)
 m - a +0 pair of gloves (worn)
Scrolls
 e - 3 scrolls of remove curse {unknown}
 g - 5 scrolls of identify {unknown}
 h - a scroll of enchant weapon {unknown}
 o - a scroll of teleportation {unknown}
Potions
 j - a potion of degeneration {unknown}
 k - 2 potions of mutation {unknown}
 l - a potion of brilliance {unknown}
Comestibles
 f - 6 rations
 n - 3 chunks of flesh


   Skills:
 + Level 2.7 Fighting
 + Level 4.4 Long Blades
 + Level 1.9 Throwing
 + Level 1.5 Armour
 + Level 2.8 Dodging


You had 3 spell levels left.
You didn't know any spells.

Dungeon Overview and Level Annotations

Branches:
Dungeon (3/15)

Altars:
Zin


Message History

You hit the worker ant but do no damage.
The worker ant is almost dead.
You hit the worker ant but do no damage.
The worker ant is almost dead.
The worker ant bites you.
* * * LOW HITPOINT WARNING * * *
You hit the worker ant.
The worker ant is almost dead.
The worker ant bites you.
* * * LOW HITPOINT WARNING * * *
You are lethally poisoned!
The worker ant poisons you!
You barely miss the worker ant.
The worker ant is almost dead.
* * * LOW HITPOINT WARNING * * *
You feel sick. The worker ant closely misses you.
You riposte.
You barely miss the worker ant.
The worker ant is almost dead.
The worker ant bites you.
You die...

..................#......#
........#####.....#......#
........# ###.....#......#
........# #...#####......#
........###...# #......#
........##....# #####...
........##....# .# #....
........##....##...##
.....(.......@a......
...##....#####..
........... ############


You could see a worker ant.

Vanquished Creatures
  2 adders (D:2)
  2 oozes
  A worm (D:2)
  A leopard gecko (D:2)
  A ball python (D:2)
  A giant cockroach (D:1)
  4 goblins
  4 hobgoblins
  4 jackals (D:3)
  A quokka (D:3)
  2 bats (D:1)
  7 frilled lizards
  4 kobolds (D:1)
  A quokka skeleton (D:2)
  9 rats
44 creatures vanquished.

Notes
Turn   | Place    | Note
-------+----------+-------------------------------------------
     0 | D:1      | slep the Hill Orc Gladiator began the quest for the Orb.
     0 | D:1      | Reached XP level 1. HP: 18/18 MP: 1/1
   145 | D:1      | Reached XP level 2. HP: 24/25 MP: 2/2
   396 | D:1      | Reached XP level 3. HP: 30/30 MP: 3/3
   416 | D:2      | Reached skill level 1 in Armour
   479 | D:2      | HP: 1/30 [worm (2)]
   480 | D:2      | Reached skill level 4 in Long Blades
   925 | D:2      | Found a glowing silver altar of Zin.
   956 | D:2      | Reached XP level 4. HP: 36/37 MP: 4/4
  1307 | D:3      | Slain by a worker ant

Vault maps used:
D:1:      sevenhm_arrival_forest_fort_small_6, minmay_lizard_pond
D:2:      zin_treasury
D:3:      first_ration, kennysheep_jessica_study

Skill      XL: |  1  2  3 |
---------------+----------+-----
Armour         | 1 |  1.5
Long Blades    | 4 |  4.4
Fighting       | |  2.7
Throwing       | |  1.9
Dodging        | |  2.8

Action                   |  1- 3 |  4- 6 || total
-------------------------+-------+-------++-------
Melee: Long sword        |    85 |    41 ||   126
 Stab: Sleeping          |     1 |       ||     1
  Eat: Chunk             |       |     1 ||     1
Armor: Leather armour    |    12 |    15 ||    27
Dodge: Dodged            |    59 |    40 ||    99
       Rpst.: Long sword |    17 |    12 ||    29

Table legend:
 A = Spawn XP
 B = Non-spawn XP
 C = Spawn XP percentage of total XP
 D = Spawn monster count
 E = Non-spawn monster count
 F = Spawn count percentage of total count
 G = Total turns spent on level
                    A         B        C        D         E        F      G
               +---------+---------+-------+---------+---------+-------+---------
         Total |       0 |     104 |   0.0 |       0 |      44 |   0.0 |  1307
               +---------+---------+-------+---------+---------+-------+---------
           D:1 |       0 |      34 |   0.0 |       0 |      21 |   0.0 |   409
           D:2 |       0 |      49 |   0.0 |       0 |      14 |   0.0 |   693
           D:3 |       0 |      21 |   0.0 |       0 |       9 |   0.0 |   205
               +---------+---------+-------+---------+---------+-------+---------
